 Dungeon Crawl Stone Soup version 0.32-a0-913-g739538afd8 (webtiles) character file.

Game seed: 3974910230945354390

65 gohu the Chopper (level 3, -1/26 (31) HPs)
             Began as a Mountain Dwarf Fighter on Apr 7, 2024.
             Slain by a gnoll
             ... wielding a +0 club
              (4 damage)
             ... on level 2 of the Dungeon.
             The game lasted 00:01:14 (779 turns).

gohu the Chopper (Mountain Dwarf Fighter)            Turns: 779, Time: 00:01:14

HP:   -1/26 (31)    AC:  8    Str: 20    XL:     3   Next: 94%
MP:   3/3           EV:  8    Int:  8    God:
Gold: 32            SH:  4    Dex:  9    Spells: 2/2 levels left

rFire   . . .        a - +0 war axe
rCold   . . .        c - +0 buckler
rNeg    . . .        b - +0 scale mail
rPois   .            (no helmet)
rElec   .            (no cloak)
rCorr   .            (no gloves)
SInv    +            f - +0 pair of boots
Will    .....        (no amulet) Stlth
                     k - ring of see invisible
HPRegen 0.24/turn    (no ring)
MPRegen 0.08/turn

%: no passive effects
@: heavily drained
A: runic magic, artefact enchanting
a: no special abilities


You were on level 2 of the Dungeon.
You visited 1 branch of the dungeon, and saw 2 of its levels.

You collected 32 gold pieces.

Inventory:

Hand Weapons
 a - a +0 war axe (weapon)
Armour
 b - a +0 scale mail (worn)
 c - a +0 buckler (worn)
 f - a +0 pair of boots (worn)
Jewellery
 k - a ring of see invisible (left hand)
Scrolls
 g - 2 scrolls of noise {unknown}
 h - 4 scrolls of identify {unknown}
 i - 2 scrolls of teleportation {unknown}
 l - 4 scrolls of enchant armour {unknown}
 m - a scroll of fog {unknown}
 n - a scroll of vulnerability {unknown}
Potions
 d - a potion of might
 e - a potion of degeneration {unknown}
 j - a potion of ambrosia {unknown}


   Skills:
 + Level 3.6 Fighting
 * Level 4.1 Axes
 + Level 3.8 Armour
 + Level 3.6 Shields


You had 2 spell levels left.
You didn't know any spells.
Your spell library was empty.

Dungeon Overview and Level Annotations

Branches:
Dungeon (2/15)

Altars:


Innate Abilities, Weirdness & Mutations

Your spellcasting is much less encumbered by armour.
You can use scrolls of enchantment on lesser artefacts.


Message History

The gnoll shouts!
You slash the gnoll!
You kill the gnoll!
You see here a +0 club.
You barely miss the gnoll. You block the gnoll's attack.
A gnoll comes into view. It is wielding a +0 club.
The gnoll shouts!
You slash the gnoll!
You kill the gnoll!
Your Axes skill increases to level 4!
The gnoll hits you with a +0 whip of draining.
You feel drained.
You see here a +0 whip.
You slash the gnoll!
The gnoll is heavily wounded.
The gnoll barely misses you. The gnoll closely misses you.
You barely miss the gnoll.
The gnoll is heavily wounded.
The gnoll barely misses you.
You hit the gnoll.
The gnoll is severely wounded.
You closely miss the gnoll. The gnoll hits you but does no damage.
You feel drained. The gnoll hits you with a +0 club!
You hit the gnoll but do no damage.
The gnoll is severely wounded.
You hit the gnoll.
The gnoll hits you with a +0 whip of draining.
You feel drained.
* * * LOW HITPOINT WARNING * * *
The gnoll hits you with a +0 club.
* * * LOW HITPOINT WARNING * * *
The gnoll barely misses you. x2
You are too injured to fight recklessly!
You are too injured to fight recklessly!
You are too injured to fight recklessly!
The gnoll barely misses you. The gnoll attacks as it pursues you!
The gnoll hits you but does no damage.
You feel drained. The gnoll attacks as it pursues you!
The gnoll hits you with a +0 club.
You die...

#. #.# ....... .....
##.###.# #....#.#....
....#.#.#......#...# #
.#.#.#.#........#.#.#.
............†....:...
# #.#.#.# #...)..#
#.#.#<..# #..)...#
#.....#######g.)...#
#...........@g.....#
#....########......#
#....# #......# #.#+##
######.# #. .# # .#


You could see 2 gnolls.

Vanquished Creatures
  2 gnolls (D:2)
  An adder (D:2)
  2 dart slugs (D:1)
  3 bats (D:1)
  4 endoplasms
  3 goblins (D:1)
  3 hobgoblins (D:1)
  3 kobolds (D:1)
  3 quokkas (D:1)
  3 frilled lizards
  6 rats (D:1)
33 creatures vanquished.

Notes
Turn   | Place    | Note
-------+----------+-------------------------------------------
     0 | D:1      | gohu the Mountain Dwarf Fighter began the quest for the
                  | Orb.
     0 | D:1      | Reached XP level 1. HP: 19/19 MP: 1/1
    97 | D:1      | Reached XP level 2. HP: 16/26 MP: 2/2
   229 | D:1      | Reached skill level 3 in Axes
   509 | D:1      | Reached XP level 3. HP: 31/31 MP: 3/3
   552 | D:1      | Found a faded altar of an unknown god.
   772 | D:2      | Reached skill level 4 in Axes
   779 | D:2      | Slain by a gnoll

Illustrated notes

Levels and vault maps discovered:
D:1:      wander_arrival_fairy_ring, layout_basic,
          chequers_ecumenical_altar_lobes, minmay_pentomino_s4
D:2:      layout_basic, chequers_serial_rivers_micro_a, minmay_snake_closets

Skill      XL: |  1  2  3 |
---------------+----------+-----
Axes           | 3 4 |  4.1
Fighting       | |  3.6
Armour         | |  3.8
Shields        | |  3.6

Action                     || total
---------------------------++-------
  Melee: War axe           ||    81
 Armour: Scale mail        ||    48
  Dodge: Dodged            ||    43
  Block: Buckler           ||    19

Table legend: (Time is in decaauts)
 A = Elapsed time spent in this place.
 B = Non-inter-level travel time spent in this place.
 C = Inter-level travel time spent in this place.
 D = Time resting spent in this place.
 E = Time spent auto-exploring this place.
 F = Levels seen in this place.
 G = Mean time per level.
                   A        B        C        D        E       F      G
               +--------+--------+--------+--------+--------+-----+--------+
         Total |    808 |    793 |     15 |      0 |    576 |   2 |  404.0 |
       Dungeon |    808 |    793 |     15 |      0 |    576 |   2 |  404.0 |
               +--------+--------+--------+--------+--------+-----+--------+

Top non-repeatable levels by time:
     D:1: 769 daAuts
     D:2: 39 daAuts
